 Dungeon Crawl Stone Soup version 0.27.0-1-g7a089689b8 (webtiles) character file.

Game seed: 13132282487362141869

119 ZenoRockbell the Shield-Bearer (level 4, -2/35 HPs)
             Began as a Demonspawn Fighter on Aug 6, 2021.
             Was a Follower of Sif Muna.
             Slain by a gnoll (6 damage)
             ... on level 3 of the Dungeon.
             The game lasted 00:10:27 (1442 turns).

ZenoRockbell the Shield-Bearer (Demonspawn Fighter) Turns: 1442, Time: 00:10:27

Health: -2/35      AC: 11    Str: 16 (18) XL:     4   Next: 73%
Magic:  4/4        EV:  2    Int:  8 (9)  God:    Sif Muna [*.....]
Gold:   73         SH:  8    Dex:  9 (12) Spells: 3/3 levels left

rFire    . . .     SeeInvis .   a - +0 long sword
rCold    . . .     Faith    .   c - +0 kite shield
rNeg     + . .     Spirit   .   i - +0 plate armour
rPois    +         Reflect  .   (helmet restricted)
rElec    .         Harm     .   (no cloak)
rCorr    .         Rampage  .   (no gloves)
Will     .....                  (no boots)
Stlth    ..........             (no amulet)
HPRegen  0.11/turn              e - ring of poison resistance
MPRegen  0.18/turn              d - ring of positive energy

@: flying
A: horns 2, magic regeneration
a: Renounce Religion, Channel Magic


You were on level 3 of the Dungeon.
You worshipped Sif Muna.
Sif Muna was aware of your devotion.
You visited 1 branch of the dungeon, and saw 3 of its levels.

You collected 73 gold pieces.

Inventory:

Hand Weapons
 a - a +0 long sword (weapon)
 l - a +1 triple sword of electrocution
Armour
 b - a +0 scale mail
 c - a +0 kite shield (worn)
 i - a +0 plate armour (worn)
 j - a +0 ring mail
Jewellery
 d - a ring of positive energy (right hand)
 e - a ring of poison resistance (left hand)
Potions
 h - a potion of berserk rage


   Skills:
 * Level 3.4 Fighting
 * Level 2.8 Long Blades
 * Level 3.3 Armour
 * Level 0.8 Dodging
 * Level 3.5 Shields


You had 3 spell levels left.
You didn't know any spells.
Your spell library contained the following spells:

 Spells                   Type           Power      Damage    Failure   Level
 Corpse Rot               Necr/Air       N/A        N/A       100%        2
 Poisonous Vapours        Pois/Air       0%         N/A       100%        2
 Freezing Cloud           Conj/Ice/Air   0%         6-21      100%        5


Dungeon Overview and Level Annotations

Branches:
Dungeon (3/15)

Altars:
Dithmenos
Hepliaklqana
Sif Muna
The Shining One


Innate Abilities, Weirdness & Mutations

You have a pair of horns on your head.
You regenerate magic rapidly.


Message History

Your surroundings suddenly seem different.
A ball python comes into view.
The ball python hisses angrily.
A kobold comes into view.
It is wielding a +0 club and quivering poisoned darts.
The kobold shouts!
A gnoll comes into view. It is wielding a +0 whip.
The gnoll shouts!
A gnoll comes into view. It is wielding a +0 whip.
The gnoll shouts!
A gnoll comes into view. It is wielding a +0 club.
The gnoll shouts!
The kobold throws a poisoned dart.
You block the poisoned dart.
Found a scroll of blinking.
Found three altars.
It was a potion of curing.
You feel better. The gnoll hits you with a +0 club.
* * * LOW HITPOINT WARNING * * *
You feel very buoyant.
You fly up into the air.
You hit the ball python. Your headbutt misses the ball python.
The ball python is heavily wounded.
You block the ball python's attack. The ball python grabs you.
The ball python constricts you. The gnoll hits you but does no damage.
The ball python bites you but does no damage.
The ball python constricts you. You block the kobold's attack.
The gnoll hits you with a +0 whip.
* * * LOW HITPOINT WARNING * * *
You block the gnoll's attack.
You closely miss the gnoll. You block the ball python's attack.
The ball python constricts you. The kobold hits you but does no damage.
The gnoll hits you but does no damage. The gnoll hits you with a +0 whip.
* * * LOW HITPOINT WARNING * * *
You block the gnoll's attack.
The ball python bites you but does no damage.
The ball python constricts you. The kobold hits you but does no damage.
Unknown command.
You hit the ball python.
You kill the ball python!
Sif Muna accepts your kill. You block the gnoll's attack.
The gnoll hits you but does no damage. The gnoll hits you with a +0 whip.
You die...

###########
#.........#
#.........####
#............
#..........##
#......._...#
#......†.?..#.#
#.....K@g.....#
#.....gg8.._..#
###..........##
###
#.#._.....##
##.. #
#.......# ##...
##.....## #....
....#.. ##
#.... ....###.
..>###....
#...#....


You could see 3 gnolls and a kobold.

Vanquished Creatures
  Terence (D:2)
  3 adders (D:3)
  A worm (D:2)
  3 dart slugs
  7 ball pythons
  6 bats
  5 endoplasms
  3 giant cockroaches (D:1)
  6 goblins
  5 hobgoblins
  7 kobolds
  A quokka (D:3)
  2 frilled lizards (D:1)
  6 rats
56 creatures vanquished.

Vanquished Creatures (others)
  5 demonic plants (D:2)
  4 fungi (D:2)
  5 plants (D:2)
  A withered plant (D:2)
15 creatures vanquished.

Grand Total: 71 creatures vanquished

Notes
Turn   | Place    | Note
-------+----------+-------------------------------------------
     0 | D:1      | ZenoRockbell the Demonspawn Fighter began the quest for the
                  | Orb.
     0 | D:1      | Reached XP level 1. HP: 18/18 MP: 1/1
   162 | D:1      | Gained mutation: You have a pair of small horns on your
                  | head. [demonic ancestry]
   162 | D:1      | Reached XP level 2. HP: 16/24 MP: 2/2
   351 | D:1      | You fall into a shaft and drop 1 floor!
   412 | D:2      | Gained mutation: You regenerate magic rapidly. [demonic
                  | ancestry]
   412 | D:2      | Reached XP level 3. HP: 11/29 MP: 3/3
   527 | D:2      | Noticed Terence
   538 | D:2      | Killed Terence
   575 | D:2      | Found a faded altar of an unknown god.
   589 | D:2      | Became a worshipper of Sif Muna the Loreminder
   589 | D:2      | Reached * piety under Sif Muna
   690 | D:2      | Gained mutation: You have a pair of horns on your head.
                  | [demonic ancestry]
   690 | D:2      | Reached XP level 4. HP: 26/35 MP: 4/4
  1426 | D:3      | Noticed an ogre
  1437 | D:3      | Found a shadowy altar of Dithmenos.
  1437 | D:3      | Found a hazy altar of Hepliaklqana.
  1442 | D:3      | Slain by a gnoll

Illustrated notes

Levels and vault maps discovered:
D:1:      zaba_arrival_water, layout_rooms
D:2:      layout_basic, shapermc_ecumenical_altar_gd, wad_floor_pattern_2,
          uniq_terence
D:3:      layout_rooms, grunt_temple_overflow_open, gup_sewer_entry_bubbles,
          hex_medium, minmay_ogre_servants

Skill      XL: |  1  2 |
---------------+-------+-----
Long Blades    | 2 |  2.8
Armour         | 3 |  3.3
Shields        | 3 |  3.5
Fighting       | |  3.4
Dodging        | |  0.8

Action                   |  1- 3 |  4- 6 || total
-------------------------+-------+-------++-------
Melee: Long sword        |   125 |    73 ||   198
       Headbutt          |    23 |     4 ||    27
  Use: Scroll            |     2 |     1 ||     3
       Potion            |     1 |     6 ||     7
Armor: Scale mail        |    83 |    39 ||   122
       Plate armour      |       |    21 ||    21
Dodge: Dodged            |    42 |    29 ||    71
Block: Kite shield       |    82 |    71 ||   153
       Rpst.: Long sword |    10 |     7 ||    17
